 Dungeon Crawl Stone Soup version 0.28-a0-1002-gf00fe891ef (console) character file.

Game seed: 5752217302282727594

317 petzl the Sneak (level 6, -3/39 HPs)
             Began as an Octopode Arcane Marksman on Dec 7, 2021.
             Slain by a gnoll (5 damage)
             ... on level 5 of the Dungeon.
             The game lasted 00:25:58 (5997 turns).

petzl the Sneak (Octopode Arcane Marksman)          Turns: 5997, Time: 00:25:59

Health: -3/39      AC:  1    Str: 10    XL:     6   Next: 45%
Magic:  9/9        EV: 13    Int: 17    God:
Gold:   182        SH:  4    Dex: 12    Spells: 4/9 levels left

rFire   . . .      SeeInvis +   b - +0 hand crossbow
rCold   . . .      Faith    .   g - +0 buckler
rNeg    . . .      Spirit   .   (helmet restricted)
rPois   .          Reflect  .   (no amulet)
rElec   .          Harm     .   j - ring of see invisible
rCorr   .          Rampage  .   m - ring of willpower
Will    +....                   (no ring)
Stlth   +++.......              (no ring)
HPRegen 0.13/turn               (no ring)
MPRegen 0.11/turn               (no ring)
                                (no ring)
                                (no ring)

@: unable to read
A: almost no armour, amphibious, 8 rings, camouflage 1, gelatinous body 1,
(nimble swimmer 1), tentacles, antennae 1, inability to read while threatened
a: no special abilities


You were on level 5 of the Dungeon.
You visited 1 branch of the dungeon, and saw 5 of its levels.

You collected 182 gold pieces.

Inventory:

Hand Weapons
 b - a +0 hand crossbow (weapon)
 y - a +0 trident
Missiles
 c - 14 bolts (quivered ammo)
 r - 24 poisoned darts
Armour
 g - a +0 buckler (worn)
Magical Staves
 a - a staff of poison
 p - a staff of fire
Jewellery
 j - a ring of see invisible (left tentacle)
 m - a ring of willpower (right tentacle)
Scrolls
 d - a scroll of enchant armour {unknown}
 e - a scroll of fog
 h - a scroll of enchant weapon {unknown}
 i - a scroll of vulnerability {unknown}
 l - a scroll of immolation
 q - a scroll of magic mapping
Potions
 f - a potion of lignification {unknown}
 n - a potion of cancellation
 o - a potion of heal wounds
 s - a potion of attraction {unknown}
 u - a potion of mutation
 v - a potion of brilliance {unknown}
 w - a potion of invisibility {unknown}
 x - a potion of degeneration {unknown}


   Skills:
 + Level 2.3 Fighting
 + Level 3.0 Crossbows
 + Level 2.9 Dodging
 + Level 3.1 Stealth
 + Level 1.5 Shields
 + Level 2.1 Spellcasting
 - Level 3.0 Hexes
 + Level 1.0 Translocations
 + Level 1.0 Fire Magic
 + Level 1.1 Poison Magic
 + Level 1.8 Evocations


You had 4 spell levels left.
You knew the following spells:

 Your Spells              Type           Power      Damage    Failure   Level
a - Slow                  Hex            48%        N/A       8%          1
P - Passage of Golubria   Tloc           5%         N/A       86%         4

Your spell library contained the following spells:

 Spells                   Type           Power      Damage    Failure   Level
 Confusing Touch          Hex            12%        N/A       22%         3
 Tukima's Dance           Hex            12%        N/A       22%         3
 Inner Flame              Hex/Fire       8%         N/A       34%         3
 Portal Projectile        Hex/Tloc       16%        N/A       34%         3
 Cause Fear               Hex            6%         N/A       58%         4
 Yara's Violent Unravell  Hex/Tmut       3%         3d4       98%         5
 Chain Lightning          Conj/Air       0%         2d1       100%        9
 Fire Storm               Conj/Fire      1%         8d1       100%        9
 Shatter                  Erth           0%         3d5*      100%        9


Dungeon Overview and Level Annotations

Branches:
Dungeon (5/15)
 Temple: D:4-7

Altars:
Dithmenos
Qazlal
Uskayaw
Xom

Shops:
D:4 *

Annotations:
D:2 1 runed translucent door, Crazy Yiuf
D:4 Menkaure
D:5 exclusions: black bear and upstairs


Innate Abilities, Weirdness & Mutations

You cannot wear most types of armour.
You are amphibious.
You can wear up to eight rings at the same time.
Your skin changes colour to match your surroundings (Stealth+).
Your rubbery body absorbs attacks. (AC +1, EV +1)
((You are camouflaged near water. (Stealth+)))
You have tentacles for arms and can constrict up to eight enemies at once.
You have a pair of small antennae on your head.
You sometimes lose the ability to read scrolls when taking damage.


Message History

a bolt; a +0 robe; a +0 dagger {!f =f}
Things that are here:
2 bolts; a +0 ring mail You see here a bolt.
Things that are here:
a +0 ring mail; a +0 whip
Okay, then.
A gnoll is nearby!
You see here a bolt.
You see here a bolt.
You see here 2 bolts.
You see here a bolt.
You see here a +0 whip.
Things that are here:
a +0 leather armour; a +0 club You see here a +0 whip.
Unknown command.
Unknown command.
Unknown command.
Found 13 gold pieces.
The gnoll barely misses you. The gnoll misses you.
It was a potion of mutation.
You feel extremely strange.
You lose the ability to read scrolls when threatened.
A pair of antennae grows on your head!
The gnoll hits you from afar with a +0 spear!
You feel threatened and lose the ability to read scrolls!
You can read scrolls again.
It was a potion of heal wounds.
You feel much better. The gnoll hits you with a +0 spear!
The gnoll hits you from afar with a +0 spear.
You feel threatened and lose the ability to read scrolls!
The gnoll hits you from afar with a +0 spear.
The gnoll hits you from afar with a +0 spear.
* * * LOW HITPOINT WARNING * * *
The gnoll hits you from afar with a +0 spear!
* * * LOW HITPOINT WARNING * * *
It was a potion of cancellation.
You feel magically purged.
The gnoll hits you from afar with a +0 spear.
You die...

g.....#...### ....# #.#....
####### #.#..#. .......###+##g#.
#....(.(†.. #....g..#.#
#.......#.# #.......#..
##......#.. #......#.. #......#..
# ###..###.. ##+#####.
#####...#### #.......
##...##(##... #######.....#
#.8.8.#.#.8.8 #.....#.....#
#.._..#.#.._.
#.....#.....#####.8...#.#...8
######...............##...'#.#'...
#......g.@...#######..#####...####
#....$..#....# #........⌠.....
#.......#....# ##.#####...####
#.......#....# ###...'#.#'...
#.......###### #.8...#.#...8
######### #.._..#.#.._.
#.8.8.#.#.8.8 ##...##.##...
#####...#### ##.## #.#### #....#
### #....# #<# #)(..# #.#
###########....#
#.####..............##
#.##................'.
#.##.#.########.....## #§##.#...#
#.#####


You could see a gnoll.

Vanquished Creatures
  A water moccasin zombie (D:5)
  Natasha (D:4)
  2 iguanas (D:5)
  2 orc wizards
  7 adders
  A worm (D:2)
  A dart slug (D:2)
  10 orcs
  7 endoplasms
  A giant cockroach (D:4)
  6 goblins
  6 hobgoblins
  2 jackals (D:2)
  2 quokkas (D:1)
  7 ball pythons
  5 bats
  4 frilled lizards
  A kobold (D:2)
  4 rats
70 creatures vanquished.

Notes
Turn   | Place    | Note
-------+----------+-------------------------------------------
     0 | D:1      | petzl the Octopode Arcane Marksman began the quest for the
                  | Orb.
     0 | D:1      | Reached XP level 1. HP: 13/13 MP: 2/2
   210 | D:1      | Reached XP level 2. HP: 18/18 MP: 3/3
   299 | D:1      | Found a faded altar of an unknown god.
   303 | D:1      | Reached skill level 1 in Stealth
  1016 | D:2      | Found a runed translucent door.
  1017 | D:2      | Noticed Crazy Yiuf
  1112 | D:2      | Reached XP level 3. HP: 21/23 MP: 5/5
  2228 | D:3      | Reached XP level 4. HP: 21/29 MP: 3/6
  2415 | D:3      | Reached skill level 1 in Evocations
  2514 | D:3      | Reached skill level 1 in Shields
  3513 | D:4      | Noticed an ice beast
  3548 | D:4      | Found Meusuank's Elemental Accessories.
  3711 | D:4      | Identified the +1 leather armour of the Evening Star {rC++
                  | Will+ Int-2 Stlth+}
  3724 | D:4      | Reached XP level 5. HP: 20/34 MP: 7/7
  3860 | D:4      | Noticed an orc warrior
  4338 | D:4      | Learned a level 4 spell: Passage of Golubria
  4608 | D:4      | Noticed Natasha
  4617 | D:4      | Killed Natasha
  4772 | D:5      | Entered Level 5 of the Dungeon
  4784 | D:4      | Noticed Menkaure
  5206 | D:5      | Reached XP level 6. HP: 39/39 MP: 7/9
  5268 | D:5      | Found a hide-covered altar of Uskayaw.
  5271 | D:5      | Found a shimmering altar of Xom.
  5276 | D:5      | Found a stormy altar of Qazlal.
  5281 | D:5      | Found a shadowy altar of Dithmenos.
  5320 | D:5      | Reached skill level 1 in Translocations
  5320 | D:5      | Reached skill level 1 in Poison Magic
  5375 | D:5      | Reached skill level 1 in Fire Magic
  5437 | D:5      | HP: 1/39 [gnoll (8)]
  5749 | D:5      | Noticed a black bear
  5984 | D:5      | Gained mutation: You sometimes lose the ability to read
                  | scrolls when taking damage. [potion of mutation]
  5984 | D:5      | Gained mutation: You have a pair of small antennae on your
                  | head. [potion of mutation]
  5994 | D:5      | HP: 1/39 [gnoll (9)]
  5997 | D:5      | Slain by a gnoll

Illustrated notes

Levels and vault maps discovered:
D:1:      dpeg_arrival_round_b, layout_loops_ring,
          shapermc_ecumenical_altar_ellora
D:2:      layout_basic, hangedman_decor_push, uniq_crazy_yiuf_cottage
D:3:      layout_loops_ring
D:4:      nicolae_cairo_tiling_very_big, layout_cave_pools,
          kennysheep_cross_bottleneck, nicolae_elemental_shop, uniq_menkaure,
          uniq_natasha
D:5:      layout_basic, grunt_temple_overflow_cloverleaf,
          beargit_hepliaklqana_dungeon_heroes, serial_shops, shop,
          minmay_manual_monstrance

Skill      XL: |  1  2  3  4  5  6 |
---------------+-------------------+-----
Stealth        | 1 2 3 |  3.1
Evocations     | 1 |  1.8
Shields        | 1 |  1.5
Fighting       | 2 |  2.3
Spellcasting   | 2 |  2.1
Crossbows      | 3 |  3.0
Translocations | 1 |  1.0
Poison Magic   | 1 |  1.1
Fire Magic     | 1 |  1.0
Dodging        | |  2.9
Hexes          | |  3.0

Action                   |  1- 3 |  4- 6 || total
-------------------------+-------+-------++-------
Melee: Staff             |    38 |    78 ||   116
       Constrict         |     9 |    18 ||    27
       Tentacles         |     5 |    15 ||    20
       Trident           |       |    16 ||    16
 Fire: Hand crossbow     |    59 |    54 ||   113
 Cast: Slow              |     5 |    35 ||    40
  Use: Scroll            |       |     7 ||     7
       Potion            |       |     3 ||     3
 Stab: Sleeping          |       |     4 ||     4
       Distracted        |       |     1 ||     1
Armor: Skin              |     3 |     4 ||     7
Dodge: Dodged            |    40 |    58 ||    98
Block: Buckler           |     4 |    18 ||    22

Table legend: (Time is in decaauts)
 A = Elapsed time spent in this place.
 B = Non-inter-level travel time spent in this place.
 C = Inter-level travel time spent in this place.
 D = Time resting spent in this place.
 E = Time spent auto-exploring this place.
 F = Levels seen in this place.
 G = Mean time per level.
                   A        B        C        D        E       F      G
               +--------+--------+--------+--------+--------+-----+--------+
         Total |   6065 |   5758 |    307 |   2151 |   1998 |   5 | 1213.0 |
       Dungeon |   6065 |   5758 |    307 |   2151 |   1998 |   5 | 1213.0 |
               +--------+--------+--------+--------+--------+-----+--------+

Top non-repeatable levels by time:
     D:3: 1377 daAuts
     D:4: 1300 daAuts
     D:2: 1276 daAuts
     D:5: 1224 daAuts
     D:1: 886 daAuts
